 Dungeon Sprint DCSS version 0.27.1-33-g824d729ab1 (webtiles) character file.

Game seed: 3870243537516519358

4928 manyhoops the Severer (level 10, -21/108 HPs)
             Began as a Minotaur Berserker on Nov 25, 2021.
             Was a Priest of Trog.
             Demolished by a lorocyproca (31 damage)
             ... in the Dungeon (Sprint I: "Red Sonja").
             The game lasted 00:05:02 (1987 turns).

manyhoops the Severer (Minotaur Berserker)          Turns: 1987, Time: 00:05:03

Health: -21/108    AC: 10    Str: 24    XL:     10   Next: 27%
Magic:  0/9        EV: 13    Int:  4    God:    Trog [***...]
Gold:   797        SH:  0    Dex: 11    Spells: 9/9 levels left

rFire    . . .     SeeInvis .   a - +0 hand axe
rCold    + . .     Faith    .   (no shield)
rNeg     . . .     Spirit   .   k - +1 scale mail {rC+}
rPois    .         Reflect  .   (helmet restricted)
rElec    .         Harm     .   (no cloak)
rCorr    .         Rampage  .   (no gloves)
Will     ++...     NoTele   +   (no boots)
Stlth    ..........             (no amulet)
HPRegen  1.28/turn              (no ring)
MPRegen  0.11/turn              (no ring)

@: strong-willed, regenerating
A: horns 2, retaliatory headbutt
a: Renounce Religion, Berserk, Trog's Hand


You were in the Dungeon.
You worshipped Trog.
Trog was most pleased with you.
You visited 1 branch You collected 989 gold pieces.
You spent 192 gold pieces at shops.

Inventory:

Hand Weapons
 a - a +0 hand axe (weapon)
Missiles
 b - 4 curare-tipped darts (quivered)
 j - 14 poisoned darts
Armour
 k - a +1 scale mail of cold resistance (worn)
Wands
 i - a wand of polymorph (8)
Potions
 c - 3 potions of curing
 e - a potion of brilliance {unknown}
 f - 2 potions of magic
 g - a potion of berserk rage


   Skills:
 + Level 16.5 Fighting
 + Level 17.5 Axes
 + Level 11.1 Armour
 + Level 9.9 Dodging


You had 9 spell levels left.
You didn't know any spells.
Your spell library was empty.

Dungeon Overview and Level Annotations

Branches:
Dungeon (1/1)

Altars:
Cheibriados
Dithmenos
Elyvilon
Fedhas
Gozag
Hepliaklqana
Kikubaaqudgha
Makhleb
Nemelex Xobeh
Okawaru
Qazlal
Ru
Sif Muna
Trog
Uskayaw
Vehumet
Wu Jian
Xom
Yredelemnul
Zin
The Shining One
Jiyva
Lugonu

Shops:
D ([


Innate Abilities, Weirdness & Mutations

You have a pair of horns on your head.
You reflexively headbutt those who attack you in melee.


Message History

You are engulfed in noxious fumes.
You choke on the stench!
You are confused.
You hear a chilling moan.
You are engulfed in noxious fumes.
You choke on the stench!
You are more confused.
Something barely misses you.
You're too confused to move!
You are engulfed in noxious fumes.
You choke on the stench!
You are more confused.
Something hits you!!
You feel your power leaking away.
Deactivating autopickup; reactivate with Ctrl-A.
Something hits you. Something hits you! Something hits you!
You bump into the stone wall.
Something hits you!!
* * * LOW HITPOINT WARNING * * *
Unknown command.
You are too confused!
You feel better. Something hits you!
* * * LOW HITPOINT WARNING * * *
You feel much better. Something hits you!!
* * * LOW HITPOINT WARNING * * *
Blink to where?
Press: ? - help, Dir - move target
As you read the scroll of blinking, it crumbles to dust.
You feel much better.
You fail to use your ability.
Your skin crawls.
You feel strong-willed. Something hits you but does no damage.
Your ogre goes berserk!
You can no longer call in reinforcements.
Something hits you but does no damage. Something hits you!!
* * * LOW HITPOINT WARNING * * *
You feel your power leaking away.
Okay, then.
You swap places.
Something hits you!!
You die...

#########################
#..'..#__#..)...#.(#§§§§+
').#..'..'.)#...##§#.####
#####'#__####...@O§#§# ##
#...#(####.)#####.○§§#
#$### #..##.#§≈≈.§#
##°####^.$#y#
##'#_.§≈≈§§§+
#.°.^.#..$###
.'..._#≈≈§§§#
#.....'..$$$#
##_.#'##§####
###.☼.#^....#
###'#.#(((.###
#.○.###++##
###.####)###.## #.☼##
+...'.....'(∩# #^.#


You could see a friendly ogre (summoned, berserk).

Vanquished Creatures
  2 centaur warriors (D)
  A deep troll (D)
  A lindwurm (D)
  2 kobold demonologists (D)
  A gargoyle (D)
  3 demonic crawlers (D)
  A slime creature (D)
  Sigmund (D)
  A yak (D)
  A floating eye (D)
  An ogre (D)
  A jelly (D)
  Ijyb (D)
17 creatures vanquished.

Vanquished Creatures (collateral kills)
  Sonja (D)
  A demonic crawler (D)
2 creatures vanquished.

Vanquished Creatures (others)
  A gargoyle (D)
  2 ballistomycete spores (D)
3 creatures vanquished.

Grand Total: 22 creatures vanquished

Notes
Turn   | Place    | Note
-------+----------+-------------------------------------------
     0 | D        | manyhoops the Minotaur Berserker began the quest for the
                  | Orb.
     0 | D        | Reached XP level 1. HP: 19/19 MP: 0/0
     1 | D        | Noticed Ijyb
     7 | D        | Killed Ijyb
     8 | D        | Reached skill level 5 in Fighting
     8 | D        | Reached skill level 5 in Axes
     8 | D        | Reached XP level 2. HP: 29/29 MP: 1/1
    45 | D        | Noticed an ogre
    49 | D        | Killed an ogre
    50 | D        | Reached skill level 7 in Axes
    50 | D        | Reached XP level 3. HP: 24/40 MP: 2/2
    50 | D        | Reached XP level 4. HP: 29/48 MP: 3/3
   231 | D        | Noticed Sigmund
   246 | D        | Killed Sigmund
   246 | D        | Reached ** piety under Trog
   247 | D        | Reached skill level 10 in Axes
   247 | D        | Reached skill level 5 in Armour
   247 | D        | Reached skill level 5 in Dodging
   247 | D        | Reached XP level 5. HP: 42/58 MP: 4/4
   247 | D        | Reached XP level 6. HP: 48/66 MP: 5/5
   346 | D        | Found an ornate altar of the Wu Jian Council.
   346 | D        | Found a shimmering blue altar of Sif Muna.
   348 | D        | Found a radiant altar of Vehumet.
   352 | D        | Reached skill level 10 in Fighting
   356 | D        | Found Xack's Antique Weapon Emporium.
   356 | D        | Found an ancient bone altar of Kikubaaqudgha.
   356 | D        | Found a hazy altar of Hepliaklqana.
   356 | D        | Found a stormy altar of Qazlal.
   356 | D        | Found a hide-covered altar of Uskayaw.
   356 | D        | Found a blossoming altar of Fedhas.
   356 | D        | Found a bloodstained altar of Trog.
   356 | D        | Found an iron altar of Okawaru.
   356 | D        | Found a basalt altar of Yredelemnul.
   356 | D        | Found a glowing golden altar of the Shining One.
   356 | D        | Found a snail-covered altar of Cheibriados.
   356 | D        | Found a sacrificial altar of Ru.
   356 | D        | Found a glowing silver altar of Zin.
   356 | D        | Found a shadowy altar of Dithmenos.
   356 | D        | Found a white marble altar of Elyvilon.
   356 | D        | Noticed a yak
   360 | D        | Killed a yak
   361 | D        | Reached skill level 11 in Axes
   361 | D        | Found an opulent altar of Gozag.
   362 | D        | Found a sparkling altar of Nemelex Xobeh.
   429 | D        | Found a viscous altar of Jiyva.
   429 | D        | Found a corrupted altar of Lugonu.
   429 | D        | Noticed a slime creature
   430 | D        | Found a burning altar of Makhleb.
   430 | D        | Found a shimmering altar of Xom.
   436 | D        | Killed a slime creature
   436 | D        | Reached *** piety under Trog
   437 | D        | Reached skill level 12 in Axes
   437 | D        | Reached XP level 7. HP: 75/75 MP: 6/6
   547 | D        | Noticed a kobold demonologist
   547 | D        | Noticed a kobold demonologist
   558 | D        | Killed a kobold demonologist
   559 | D        | Reached skill level 13 in Axes
   559 | D        | Reached XP level 8. HP: 85/85 MP: 7/7
   559 | D        | Killed a kobold demonologist
   559 | D        | Reached **** piety under Trog
   606 | D        | Noticed a centaur warrior
   606 | D        | Noticed a centaur warrior
   629 | D        | Killed a centaur warrior
   630 | D        | Reached skill level 14 in Axes
   796 | D        | Killed a centaur warrior
   797 | D        | Reached skill level 15 in Axes
   797 | D        | Reached XP level 9. HP: 93/96 MP: 8/8
   922 | D        | Noticed a deep troll
   928 | D        | Killed a deep troll
   929 | D        | Reached skill level 15 in Fighting
   929 | D        | Reached skill level 16 in Axes
  1014 | D        | Found Vas Huak's Armour Emporium.
  1021 | D        | Bought a +1 scale mail of cold resistance for 192 gold
                  | pieces
  1140 | D        | Noticed Sonja
  1147 | D        | Killed Sonja
  1148 | D        | Reached skill level 10 in Armour
  1381 | D        | Killed a gargoyle
  1384 | D        | Noticed a demonic crawler
  1384 | D        | Noticed a demonic crawler
  1384 | D        | Noticed a demonic crawler
  1384 | D        | Noticed a demonic crawler
  1392 | D        | Killed a demonic crawler
  1401 | D        | Killed a demonic crawler
  1405 | D        | Killed a demonic crawler
  1406 | D        | Reached skill level 17 in Axes
  1406 | D        | Reached XP level 10. HP: 58/107 MP: 9/9
  1681 | D        | Noticed a gargoyle
  1693 | D        | Killed a gargoyle
  1750 | D        | Noticed a lindwurm
  1756 | D        | Killed a lindwurm
  1987 | D        | Demolished by a lorocyproca

Illustrated notes

Levels and vault maps discovered:
D:        dungeon_sprint_1 [red_sonja_temple_1, red_sonja_temple_small_1]

Skill      XL: |  1  2  3  4  5  6  7  8  9 10 |
---------------+-------------------------------+-----
Fighting       | 5 7 9 11 12 14 15 16 | 16.5
Axes           | 5 7 10 12 13 15 17 | 17.5
Armour         | 3 4 5 7 9 10 11 | 11.1
Dodging        | 3 5 6 8 9 |  9.9

Action                   |  1- 3 |  4- 6 |  7- 9 | 10-12 || total
-------------------------+-------+-------+-------+-------++-------
Melee: Hand axe          |     7 |    17 |    42 |    17 ||    83
       Headbutt          |     1 |     5 |    11 |     5 ||    22
Invok: Berserk           |     2 |     3 |     6 |     1 ||    12
       Trog's Hand       |       |       |     2 |     1 ||     3
       Brothers in Arms  |       |       |     2 |     1 ||     3
  Use: Potion            |       |     1 |       |     3 ||     4
       Scroll            |       |       |       |     1 ||     1
 Stab: Distracted        |       |       |     1 |       ||     1
Armor: Animal skin       |     1 |       |       |       ||     1
       Leather armour    |       |     1 |     5 |       ||     6
       Scale mail        |       |       |     6 |     7 ||    13
Dodge: Dodged            |     2 |    12 |    31 |     6 ||    51
